 Dungeon Crawl Stone Soup version 0.31-a0-1074-g0b22e4e0f1 (webtiles) character file.

Game seed: 11220560968203933862

32977 grandjackal the Fighter (level 13, -9/169 HPs)
             Began as a Demonspawn Gladiator on Nov 28, 2023.
             Was a High Priest of Trog.
             Mangled by a skeletal warrior
             ... wielding a +0 trident
              (12 damage)
             ... on level 11 of the Dungeon.
             The game lasted 00:20:11 (12611 turns).

grandjackal the Fighter (Demonspawn Gladiator)     Turns: 12611, Time: 00:20:12

Health: -9/169     AC: 15    Str: 16    XL:     13   Next: 34%
Magic:  13/13      EV: 21    Int:  9    God:    Trog [*****.]
Gold:   704        SH:  9    Dex: 25    Spells: 12/12 levels left

rFire   . . .        a - +0 long sword
rCold   . . .        (no shield)
rNeg    . . .        G - +0 acid dragon scales
rPois   .            c - +0 helmet
rElec   .            p - scarf {repulsion}
rCorr   +            (gloves unavailable)
SInv    .            U - +3 pair of seven-league boots {Rampage+∞}
Will    .....        T - amulet of reflection Stlth
                     R - +6 ring of dexterity
HPRegen 0.48/turn    I - +4 ring of slaying
MPRegen 0.13/turn

%: repel missiles, reflection, clarity, rampage+∞
@: berserking, studying Long Blades, very quick
A: rugged brown scales 2, spiny 2, augmentation 1, condensation shield, demonic
touch 3, clarity, wild magic 1
a: Renounce Religion, Berserk, Trog's Hand, Brothers in Arms


You were on level 11 of the Dungeon.
You worshipped Trog.
Trog was extremely pleased with you.
You visited 1 branch of the dungeon, and saw 11 of its levels.
You also visited: Sewer and Gauntlet.

You collected 863 gold pieces.
You spent 159 gold pieces at shops.

Inventory:

Hand Weapons
 a - a +0 long sword (weapon)
 k - a +0 dagger of electrocution
 m - a +0 dagger of venom
 n - a +1 short sword of draining
 D - a +1 dagger of venom
 F - a +2 short sword of freezing
 H - a +4 dagger of freezing
Missiles
 d - 12 throwing nets (quivered)
 e - 6 javelins
 u - 2 silver javelins
Armour
 c - a +0 helmet (worn)
 p - a scarf of repulsion (worn)
 B - a +0 pair of boots of rampaging
 G - +0 acid dragon scales (worn)
 U - the +3 pair of seven-league boots (worn) {Rampage+∞}
   (You acquired it in a Gauntlet)

   Rampage+∞: When moving toward enemies, its wearer moves as far as possible,
   alerting their target en route.
Jewellery
 v - a ring of resist corrosion
 I - a +4 ring of slaying (right hand)
 L - a +4 ring of protection
 R - a +6 ring of dexterity (left hand)
 S - a ring of ice
 T - an amulet of reflection (around neck)
Wands
 b - a wand of charming (25)
 E - a wand of digging (3)
 K - a wand of polymorph (2)
 M - a wand of roots (9)
 V - a wand of flame (16)
Scrolls
 f - 2 scrolls of revelation
 g - 2 scrolls of identify
 i - 7 scrolls of enchant armour
 j - 3 scrolls of blinking
 l - 6 scrolls of teleportation
 o - 2 scrolls of immolation
 r - 2 scrolls of poison
 t - a scroll of silence
 w - 4 scrolls of butterflies
 x - 4 scrolls of noise
 y - 3 scrolls of vulnerability
 J - a scroll of enchant weapon
 N - 2 scrolls of fog
 O - 2 scrolls of fear
 P - a scroll of torment
Potions
 h - 2 potions of curing
 q - 4 potions of haste
 s - 3 potions of might
 z - 2 potions of mutation
 A - 6 potions of enlightenment
 C - a potion of magic
 Q - a potion of brilliance
 W - a potion of invisibility
 X - a potion of resistance


   Skills:
 + Level 12.3 Fighting
 + Level 11.7 Long Blades
 - Level 2.0 Throwing
 - Level 7.4 Armour
 + Level 11.3 Dodging
 - Level 0.8 Shields


You had 12 spell levels left.
You didn't know any spells.
Your spell library contained the following spells:

 Spells                   Type           Power      Damage    Failure   Level
 Apportation              Tloc           0%         N/A       56%         1
 Ensorcelled Hibernation  Hex/Ice        0%         N/A       71%         2
 Passwall                 Tmut/Erth      0%         N/A       71%         2
 Ozocubu's Armour         Ice            0%         N/A       89%         3
 Swiftness                Air            0%         N/A       89%         3
 Metabolic Englaciation   Hex/Ice        0%         N/A       100%        5
 Simulacrum               Ice/Necr       0%         N/A       100%        6


Dungeon Overview and Level Annotations

Branches:
Dungeon (11/15)            Temple (0/1) D:6            Lair (0/5) D:9
    Orc (0/2) D:11          Sewer (visited)         Gauntlet (visited)

Altars:
Ashenzari
Dithmenos
Kikubaaqudgha
Makhleb
Nemelex Xobeh
Okawaru
Trog
Vehumet
Wu Jian

Shops:
D:4 ?   D:5 =   D:6 !   D:7 [


Innate Abilities, Weirdness & Mutations

You are mostly covered in rugged brown scales. (AC +2, +5% HP)
You are mostly covered in sharp spines.
Your magical and physical power is slightly enhanced at high health.
A meltable shield of frost defends you. (SH +4)
Your touch may irresistibly damage your foes and sap their willpower.
You possess an exceptional clarity of mind.
Your spells are a little harder to cast, but a little more powerful.


Message History

You destroy the skeletal warrior!
Trog accepts your kill.
You slash the skeletal warrior!
The skeletal warrior is moderately damaged.
You block the skeletal warrior's attack.
The skeletal warrior closely misses you.
The skeletal warrior is struck by your spines.
The skeletal warrior hits you with a +0 mace.
The skeletal warrior hits you with a +0 glaive!!
You slash the skeletal warrior! Your touch misses the skeletal warrior.
The skeletal warrior is moderately damaged.
You barely miss the skeletal warrior. Your touch misses the skeletal warrior.
The skeletal warrior is moderately damaged.
The skeletal warrior barely misses you.
The skeletal warrior hits you with a +0 scimitar!
* * * LOW HITPOINT WARNING * * *
The skeletal warrior is struck by your spines.
The skeletal warrior hits you with a +0 mace!!
* * * LOW HITPOINT WARNING * * *
The skeletal warrior is struck by your spines.
The skeletal warrior closely misses you.
You barely miss the skeletal warrior.
You touch the skeletal warrior!
You sap its willpower!
The skeletal warrior is heavily damaged.
You slash the skeletal warrior!
The skeletal warrior is heavily damaged.
You block the skeletal warrior's attack.
The skeletal warrior is struck by your spines.
The skeletal warrior hits you with a +0 scimitar!
* * * LOW HITPOINT WARNING * * *
The skeletal warrior hits you with a +0 mace.
* * * LOW HITPOINT WARNING * * *
The skeletal warrior hits you with a +0 glaive.
* * * LOW HITPOINT WARNING * * *
You closely miss the skeletal warrior. Your punch misses the skeletal warrior.
The skeletal warrior is heavily damaged.
You hit the skeletal warrior. Your punch misses the skeletal warrior.
The skeletal warrior is severely damaged.
The skeletal warrior hits you from afar with a +0 trident!
You die...

.............†.....#,,**
...................+,,,*
#.##..####'#########,,,*
####..###..###*,,,**,,,*
...[.........#,,,,*,,,,* ***
....>........#,,,,*,,,,* *,*****
##...###....####+#**,******,,,,,*
##...###....###.)###.###,,*,,,,,*
............'...@z......,,,,,,,,*
............#...zzz.....,,,,,,,,*
............#...........,^,,,,,,*
......<.....#...........,,,,,,,,*
########################*********


You could see 4 skeletal warriors.

Vanquished Creatures
  A dire elephant (Gauntlet)
  A minotaur (Gauntlet)
  A green death (Gauntlet)
  A boulder beetle (D:9)
  A two-headed ogre (D:10)
  A skeletal warrior (D:11)
  A necromancer (Gauntlet)
  A wolf spider (Gauntlet)
  2 manticores (D:11)
  A moth of wrath (Gauntlet)
  3 elephants (Gauntlet)
  An unseen horror (D:10)
  A rime drake (D:9)
  3 kobold demonologists (D:10)
  2 komodo dragons
  A hornet (D:9)
  2 trolls
  Grinder (D:3)
  A queen bee (Gauntlet)
  A polar bear (D:9)
  A shadow (D:9)
  A vampire (D:11)
  2 wraiths
  14 yaks
  A wyvern (D:9)
  A steam dragon (D:10)
  2 redbacks (Gauntlet)
  2 acid dragons
  3 water moccasins
  10 orc warriors
  8 ice beasts
  9 wolves
  3 centaurs
  4 ogres
  A phantom (D:4)
  7 kobold brigands
  2 gnoll sergeants (D:8)
  3 bullfrogs
  2 scorpions
  8 wights
  18 killer bees
  2 electric eels (D:8)
  2 howler monkeys (D:7)
  9 hounds
  6 orc priests
  4 gnoll boudas (D:8)
  4 jellies
  2 sleepcaps
  3 iguanas
  17 orc wizards
  27 gnolls
  15 adders
  2 river rats (Sewer)
  4 worms
  3 dart slugs
  44 orcs
  10 ball pythons
  16 bats
  8 endoplasms
  3 giant cockroaches
  7 goblins
  8 hobgoblins
  12 jackals
  30 kobolds
  8 quokkas
  6 frilled lizards
  3 rats
384 creatures vanquished.

Vanquished Creatures (others)
  An orc priest (D:8)
  A gnoll (D:8)
  An orc (D:8)
3 creatures vanquished.

Grand Total: 387 creatures vanquished

Notes
Turn   | Place    | Note
-------+----------+-------------------------------------------
     0 | D:1      | grandjackal the Demonspawn Gladiator began the quest for
                  | the Orb.
     0 | D:1      | Reached XP level 1. HP: 16/16 MP: 1/1
   116 | D:1      | Gained mutation: You are partially covered in rugged brown
                  | scales. (AC +1, +3% HP) [demonic ancestry]
   116 | D:1      | Reached XP level 2. HP: 15/22 MP: 2/2
   351 | D:1      | Found a faded altar of an unknown god.
   356 | D:1      | Got Plato's Grimoire of Geometry
   898 | D:2      | Gained mutation: A meltable shield of frost defends you.
                  | (SH +4) [demonic ancestry]
   898 | D:2      | Reached XP level 3. HP: 8/28 MP: 3/3
  1386 | D:2      | Gained mutation: Your touch may inflict minor irresistible
                  | damage on your foes. [demonic ancestry]
  1386 | D:2      | Reached XP level 4. HP: 35/35 MP: 4/4
  1593 | D:2      | Reached skill level 3 in Fighting
  1784 | D:3      | Found a broken altar of Ashenzari.
  1812 | D:3      | Noticed Grinder
  1814 | D:3      | Gained mutation: Your spells are a little harder to cast,
                  | but a little more powerful. [potion of mutation]
  1814 | D:3      | Gained mutation: You possess an exceptional clarity of
                  | mind. [potion of mutation]
  2034 | D:3      | Gained mutation: You are mostly covered in rugged brown
                  | scales. (AC +2, +5% HP) [demonic ancestry]
  2034 | D:3      | Reached XP level 5. HP: 28/43 MP: 5/5
  2111 | D:3      | Noticed an ogre
  2128 | D:3      | Killed an ogre
  2210 | D:3      | Reached XP level 6. HP: 39/50 MP: 6/6
  2262 | D:3      | Found a sparkling altar of Nemelex Xobeh.
  2512 | D:3      | Killed Grinder
  2513 | D:3      | Reached skill level 4 in Fighting
  2628 | D:3      | Found an ornate altar of the Wu Jian Council.
  2819 | D:3      | Found a burning altar of Makhleb.
  2819 | D:3      | Noticed an Executioner
  2822 | D:3      | Noticed a hellwing
  2822 | D:3      | Noticed an orange demon
  2977 | D:3      | Gained mutation: You are partially covered in sharp spines.
                  | [demonic ancestry]
  2977 | D:3      | Reached XP level 7. HP: 52/57 MP: 7/7
  3069 | D:4      | Found an iron altar of Okawaru.
  3205 | D:4      | Found Ulunier's Magic Scroll Shoppe.
  3215 | D:4      | Bought a scroll of teleportation for 33 gold pieces
  3215 | D:4      | Bought a scroll of enchant armour for 82 gold pieces
  3215 | D:4      | Bought a scroll of poison for 44 gold pieces
  3341 | D:4      | Reached skill level 5 in Fighting
  3341 | D:4      | Reached skill level 5 in Long Blades
  3341 | D:4      | Reached skill level 5 in Dodging
  3485 | D:5      | Entered Level 5 of the Dungeon
  3845 | D:5      | Found a shadowy altar of Dithmenos.
  3887 | D:5      | Reached XP level 8. HP: 66/66 MP: 8/8
  3889 | D:5      | Found Nepyheaw's One-of-a-Kind Rings.
  3984 | D:5      | Found a bloodstained altar of Trog.
  3992 | D:5      | Became a worshipper of Trog the Wrathful
  4241 | D:6      | Found a glowing drain.
  4252 | D:6      | Reached skill level 6 in Fighting
  4255 | Sewer    | Entered a sewer
  4416 | Sewer    | Reached * piety under Trog
  5449 | D:6      | Found Onovios's Distillery.
  5510 | D:6      | Found a staircase to the Ecumenical Temple.
  5662 | D:6      | Reached skill level 7 in Fighting
  5907 | D:6      | Found an ancient bone altar of Kikubaaqudgha.
  5908 | D:6      | Found a radiant altar of Vehumet.
  6000 | D:7      | Gained mutation: Your touch may inflict irresistible damage
                  | on your foes. [demonic ancestry]
  6000 | D:7      | Reached XP level 9. HP: 58/75 MP: 9/9
  6090 | D:7      | Found Urchics's Armour Shop.
  6960 | D:8      | Reached ** piety under Trog
  7055 | D:8      | Reached skill level 8 in Fighting
  7410 | D:8      | Reached *** piety under Trog
  7541 | D:8      | Reached XP level 10. HP: 75/86 MP: 10/10
  8204 | D:9      | Reached skill level 9 in Fighting
  8740 | D:9      | Found a staircase to the Lair.
  9203 | D:9      | Paralysed by a hornet for 3 turns
  9415 | D:9      | Reached skill level 10 in Fighting
  9559 | D:9      | Found a transporter.
  9559 | D:9      | Noticed a boulder beetle
  9560 | D:9      | Found a transporter.
  9573 | D:9      | Killed a boulder beetle
  9574 | D:9      | Gained mutation: Your touch may irresistibly damage your
                  | foes and sap their willpower. [demonic ancestry]
  9574 | D:9      | Reached XP level 11. HP: 95/95 MP: 11/11
  9761 | D:10     | Entered Level 10 of the Dungeon
  9835 | D:10     | Noticed a sixfirhy
  9837 | D:10     | Noticed a sixfirhy
  9838 | D:10     | Reached **** piety under Trog
  9989 | D:10     | Noticed a two-headed ogre
  9993 | D:10     | Killed a two-headed ogre
 10091 | D:10     | Noticed a soul eater
 10683 | D:10     | Reached skill level 10 in Long Blades
 10688 | D:10     | Reached skill level 10 in Dodging
 11209 | D:10     | Reached skill level 11 in Fighting
 11219 | D:10     | Reached ***** piety under Trog
 11448 | D:11     | Found a gate leading to a gauntlet.
 11517 | Gauntlet | Entered a Gauntlet
 11517 | Gauntlet | Found a transporter.
 11517 | Gauntlet | Found a runed translucent door.
 11518 | Gauntlet | Found a runed translucent door.
 11524 | Gauntlet | Found a transporter.
 11524 | Gauntlet | Noticed a necromancer
 11527 | Gauntlet | Found a transporter.
 11528 | Gauntlet | Found a transporter.
 11564 | Gauntlet | Found a transporter.
 11568 | Gauntlet | Found a transporter.
 11572 | Gauntlet | Noticed a green death
 11573 | Gauntlet | Found a transporter.
 11577 | Gauntlet | Found a runed translucent gate.
 11577 | Gauntlet | Found a runed translucent gate.
 11577 | Gauntlet | Found a runed translucent gate.
 11579 | Gauntlet | Found a transporter.
 11583 | Gauntlet | Found a transporter.
 11587 | Gauntlet | Found a runed translucent door.
 11588 | Gauntlet | Found a transporter.
 11591 | Gauntlet | Noticed a dire elephant
 11593 | Gauntlet | Found a runed translucent door.
 11595 | Gauntlet | Found a transporter.
 11599 | Gauntlet | Found a transporter.
 11603 | Gauntlet | Noticed a wolf spider
 11604 | Gauntlet | Found a transporter.
 11612 | Gauntlet | Found a transporter.
 11709 | Gauntlet | Killed a necromancer
 11893 | Gauntlet | Killed a green death
 11940 | Gauntlet | Killed a dire elephant
 11961 | Gauntlet | Gained mutation: You are mostly covered in sharp spines.
                  | [demonic ancestry]
 11961 | Gauntlet | Reached XP level 12. HP: 49/106 MP: 12/12
 12166 | Gauntlet | Identified 2 scrolls of acquirement
 12169 | Gauntlet | Acquired a manual of Long Blades
 12171 | Gauntlet | Acquired the +3 pair of seven-league boots {Rampage+∞}
 12171 | Gauntlet | Found the +3 pair of seven-league boots {Rampage+∞}
 12199 | Gauntlet | Noticed a minotaur
 12208 | Gauntlet | Killed a minotaur
 12276 | D:11     | Gained mutation: Your magical and physical power is
                  | slightly enhanced at high health. [demonic ancestry]
 12276 | D:11     | Reached XP level 13. HP: 112/112 MP: 13/13
 12308 | D:11     | Reached skill level 12 in Fighting
 12609 | D:11     | HP: 4/169 [skeletal warrior/+0 mace (5)]
 12611 | D:11     | Mangled by a skeletal warrior

Illustrated notes

Levels and vault maps discovered:
D:1:      dpeg_arrival_rooms_c, layout_basic,
          shapermc_ecumenical_altar_rom_forum
D:2:      layout_loops_corners
D:3:      layout_loops_ring, makhleb_altar_promises_db, ashenzari_altar_1,
          mainiacjoe_overflow_concentric_impassable,
          nicolae_wu_jian_immortal_techniques, uniq_grinder
D:4:      layout_cave_pools, okawaru_altar_gauntlet_db, serial_shops, shop,
          nicolae_houndstooth_variations
D:5:      layout_basic, old_standard_altar, trog_book, serial_curves,
          eino_curves_02, eino_curves_04, nicolae_shop_unique_rings
D:6:      layout_basic, gammafunk_temple_overflow_statue,
          minmay_temple_entry_overgrown, cheibrodos_sewer_entry_sluice,
          serial_shops, nicolae_shop_rolling_square
D:7:      layout_loops_cross, serial_shops, nicolae_shop_pleasant_corner_grove
D:8:      layout_cave_pools, zin_academy, serial_gnoll_camp,
          gnoll_camp_mini_house, gnoll_camp_mini_loothouse,
          gnoll_camp_huts_moat, gnoll_camp_mini_house, gnoll_camp_mini_hut,
          gnoll_camp_mini_hut
D:9:      gammafunk_boulding_lane, layout_long_grid, hellmonk_lair_entry_icy
D:10:     layout_loops_corners, lightli_church_of_beogh
D:11:     layout_gridville, orc_0_dummy, gauntlet_entry_generic

Skill      XL: |  1  2  3  4  5  6  7  8  9 10 11 12 13 |
---------------+----------------------------------------+-----
Throwing       | 2 |  2.0
Dodging        | 3 4 5 6 8 9 10 11 | 11.3
Long Blades    | 3 4 5 6 8 9 10 11 | 11.7
Fighting       | 3 4 5 7 8 10 11 12 | 12.3
Armour         | 7 |  7.4
Shields        | |  0.8

Action                     |  1- 3 |  4- 6 |  7- 9 | 10-12 | 13-15 || total
---------------------------+-------+-------+-------+-------+-------++-------
  Melee: Long sword        |   114 |   102 |   301 |   366 |    70 ||   953
         Punch             |     1 |       |     4 |     8 |     2 ||    15
         Touch             |       |    24 |    71 |    79 |    18 ||   192
         Dagger            |       |     4 |       |       |       ||     4
  Throw: Throwing net      |       |     2 |       |     2 |       ||     4
 Invoke: Berserk           |       |       |     5 |    12 |     1 ||    18
  Evoke: Wand              |       |     2 |       |       |       ||     2
    Use: Potion            |       |     3 |     2 |     4 |       ||     9
         Scroll            |       |       |     9 |    13 |     1 ||    23
   Stab: Distracted        |     1 |       |       |       |       ||     1
         Sleeping          |       |     2 |       |       |       ||     2
         Held in net/web   |       |     1 |       |     1 |       ||     2
 Armour: Leather armour    |    53 |    44 |       |       |       ||    97
         Ring mail         |       |    15 |   101 |       |       ||   116
         Acid dragon scale |       |       |    92 |   211 |    28 ||   331
  Dodge: Dodged            |    81 |    60 |   279 |   324 |    58 ||   802
         Repelled          |       |       |     5 |     2 |     1 ||     8
  Block: Other             |     7 |    20 |    57 |    81 |    23 ||   188
         Reflection        |       |       |       |       |     1 ||     1

Table legend: (Time is in decaauts)
 A = Elapsed time spent in this place.
 B = Non-inter-level travel time spent in this place.
 C = Inter-level travel time spent in this place.
 D = Time resting spent in this place.
 E = Time spent auto-exploring this place.
 F = Levels seen in this place.
 G = Mean time per level.
                   A        B        C        D        E       F      G
               +--------+--------+--------+--------+--------+-----+--------+
         Total |  12960 |  12538 |    422 |   2956 |   6730 |  13 |  996.9 |
       Dungeon |  11491 |  11069 |    422 |   2542 |   6227 |  11 | 1044.6 |
         Sewer |    681 |    681 |      0 |      0 |    489 |   1 |  681.0 |
      Gauntlet |    786 |    786 |      0 |    414 |     14 |   1 |  786.0 |
               +--------+--------+--------+--------+--------+-----+--------+

Top non-repeatable levels by time:
     D:9: 1725 daAuts
    D:10: 1413 daAuts
     D:6: 1352 daAuts
     D:8: 1284 daAuts
     D:2: 1086 daAuts
     D:3: 1079 daAuts
     D:7: 936 daAuts
     D:1: 797 daAuts
Gauntlet: 786 daAuts
     D:5: 750 daAuts
   Sewer: 681 daAuts
     D:4: 577 daAuts
    D:11: 488 daAuts
